[Event "*** MasterClass Titled Tuesday Blitz"]
[Site "Chess.com"]
[Date "2017.10.03"]
[Round "7"]
[White "Quiet_Desperation"]
[Black "TryingToGetBetter94"]
[Result "0-1"]
[WhiteElo "2292"]
[BlackElo "2301"]
[TimeControl "180+2"]
[EndTime "14:37:49 PDT"]
[Termination "TryingToGetBetter94 won by resignation"]

1. e4 e5 2. Nf3 Nc6 3. Bb5 f5 4. d3 fxe4 5. dxe4 Nf6 6. Nc3 Bb4 7.
Qe2 Bxc3+ 8. bxc3 d6 9. h3 Bd7 10. O-O O-O 11. Bc4+ Kh8 12. Ng5 Qe8 13. f4 h6 14. Ba3 exf4 15. Nf3 Qxe4 16. Nh4 Be8 17. Rae1 Qxe2 18. Rxe2 g5 19. Nf5 Kh7 20. Rfe1 Ne5 21.
Rxe5 dxe5 22. Bxf8 Bg6 23. Be7 Nd7 24. Be6 Nf8 25.
Bxf8 Rxf8 26. Ne7 Re8 27. Nxg6 Kxg6 28. Bd5 c6 29. Be4+ Kf6 30. Rd1 Ke6 31. c4 h5 32. c5 Re7 33. Rd6+ Kf7 34. Rh6 Rd7 35. Rh7+ Ke8 36. Bg6+ Kd8 37. Rxd7+ Kxd7 38. Bxh5 Ke6 39. c4 e4 40. Kf2 Ke5 41. Bf7 Kd4 42. Ke2 a5 43. Be6 Kxc5 44. g3 fxg3 45. Kf1 b5 46. cxb5 cxb5 47. Kg2 Kd4 48. Kxg3 Ke3 49. Kg4 Kd2 50.
Kxg5 e3 51. Bg4 b4 52. h4 a4 53. h5 b3 54. axb3 a3 55. h6 a2 0-1

[Event "*** MasterClass Titled Tuesday Blitz"]
[Site "Chess.com"]
[Date "2017.10.03"]
[Round "7"]
[White "mazetofonias"]
[Black "Margency"]
[Result "1-0"]
[WhiteElo "2495"]
[BlackElo "2512"]
[TimeControl "180+2"]
[EndTime "14:37:53 PDT"]
[Termination "mazetofonias won by resignation"]

1. d4 Nf6 2. Nf3 g6 3. Bg5 Bg7 4. Nbd2 d5 5. e3 h6 6. Bh4 c5 7. c3 cxd4 8. cxd4 Nc6 9. Be2 g5 10. Bg3 Nh5 11. O-O Nxg3 12. hxg3 e6 13. Rc1 h5 14.
Re1 g4 15. Nh4 Bf6 16. e4 dxe4 17. Nxe4 Bxd4 18. Bb5 Bd7 19. Nf5 exf5 20. Bxc6 Bxc6 21. Nd6+ Kf8 22. Qxd4 Rh6 23. Rcd1 Qf6 24. Qf4 Bd7 25. Nxf7 Rh7 26. Ng5 Rg7 27. Ne4 Qb6 28. Nd6 Kg8 29. Qc4+ Kh7 30. Qd3 Rf8 31. b3 Kg8 32. Qd5+ Kh8 33.
Re5 h4 34. gxh4 g3 35. Qd4 gxf2+ 36. Qxf2 Bc6 37. Qxb6 Rxg2+ 38. Kf1 axb6 39. Rxf5 Rxf5+ 40. Nxf5 Rxa2 41. Ke1 Rb2 42. Nd4 Be4 43. Rd2 Rb1+ 44. Kf2 Rh1 45. Ke3 Bd5 46. Nf5 Bxb3 47. Kf4 Be6 48.
Nd4 Bd7 49. Nf3 Bc6 50. Ne5 Rxh4+ 51. Kg5 Re4 52. Kf6 Rf4+ 53. Kg5 Rf1 54. Kg6 Be4+ 55. Kh6 Rf6+ 56. Kg5 Rf5+ 57. Kh6 Rxe5 58. Rd8+ 1-0

[Event "*** MasterClass Titled Tuesday Blitz"]
[Site "Chess.com"]
[Date "2017.10.03"]
[Round "7"]
[White "dtn70"]
[Black "PowerThinking2650"]
[Result "0-1"]
[WhiteElo "2306"]
[BlackElo "2157"]
[TimeControl "180+2"]
[EndTime "14:37:53 PDT"]
[Termination "PowerThinking2650 won by resignation"]

1. e4 e5 2. Nf3 Nc6 3. Bb5 a6 4. Bxc6 dxc6 5. O-O f6 6. d4 exd4 7. Nxd4 c5 8. Nb3 Qxd1 9. Rxd1 Bd7 10. Nc3 O-O-O 11.
Bf4 Be6 12. Rxd8+ Kxd8 13. Rd1+ Kc8 14. Nd5 Bxd5 15. Rxd5 b6 16. a4 a5 17. Nc1 Ne7 18.
Rd1 g5 19. Bg3 Bg7 20. c3 f5 21. f3 fxe4 22. fxe4 Nc6 23. Rf1 Rd8 24. Rf7 Rd1+ 25. Kf2 Be5 26. Rf8+ Kb7 27. Ne2 Rd2 28. Bxe5 Nxe5 29.
b3 b5 30. axb5 c4 31. bxc4 a4 32. Ke1 Nxc4 33. b6 cxb6 34. Rf7+ Ka6 35. Rc7 b5 36. Rxc4 Rxe2+ 37. Kxe2 bxc4 38. Kd2 Kb5 39. Kc2 Kc5 40. Kb2 Kd6 41. Ka3 Ke5 42. Kxa4 Kxe4 43. Kb5 Kd3 44. Kb4 g4 45. h4 g3 46. h5 h6 47. Kc5 Kxc3 48. Kd5 Kd3 49. Ke5 c3 50. Kf5 c2 51.
Kg6 c1=Q 52. Kf5 Qg5+ 53. Ke6 Ke4 0-1

[Event "*** MasterClass Titled Tuesday Blitz"]
[Site "Chess.com"]
[Date "2017.10.03"]
[Round "7"]
[White "GM_dmitrij"]
[Black "Keaton87"]
[Result "0-1"]
[WhiteElo "2636"]
[BlackElo "2481"]
[TimeControl "180+2"]
[EndTime "14:37:56 PDT"]
[Termination "Keaton87 won by resignation"]

1. e4 c5 2. Nf3 d6 3. d4 Nf6 4. Nc3 cxd4 5. Nxd4 g6 6. Be3 Bg7 7. f3 O-O 8. Qd2 Nc6 9. Bc4 Bd7 10. O-O-O Rc8 11.
Bb3 Nxd4 12. Bxd4 b5 13. a3 a5 14. Nd5 Nxd5 15. Bxg7 Kxg7 16. exd5 b4 17. axb4 axb4 18. h4 Qa5 19. Qd4+ Kg8 20. h5 Bf5 21. Kd2 Rc5 22. hxg6 Bxg6 23. Ke3 Rfc8 24. g4 Qa7 25. f4 f6 26. f5 Bf7 27. g5 fxg5 28. Rxh7 Rc3+ 29. bxc3 Rxc3+ 30. Ke4 Qxd4+ 31. Kxd4 Kxh7 32. Re1 Rc7 33. Rg1 Kh6 34. Bc4 Bh5 35. Bd3 Bf3 36. Rb1 Rb7 37.
Rb3 g4 38. Be4 Bxe4 39. Kxe4 Rc7 40. Rxb4 Rxc2 41. Kf4 Kh5 42. Rb7 Rc4+ 43. Ke3 Rc1 44. Ke2 Rc5 45. Rxe7 Rxd5 46. f6 Rf5 47. Rh7+ Kg5 48.
Rg7+ Kf4 49. f7 Kg3 50. Kd3 Kf3 51. Rh7 g3 52. Rh1 g2 53. Rh3+ Kf2 54. Rh5 Rxf7 55. Rh2 Kg3 56. Rxg2+ Kxg2 0-1

[Event "*** MasterClass Titled Tuesday Blitz"]
[Site "Chess.com"]
[Date "2017.10.03"]
[Round "7"]
[White "VladimirBelous"]
[Black "lukas_111111"]
[Result "1-0"]
[WhiteElo "2655"]
[BlackElo "2368"]
[TimeControl "180+2"]
[EndTime "14:38:04 PDT"]
[Termination "VladimirBelous won by resignation"]

1. c4 e5 2. g3 Nf6 3. Bg2 c6 4. Nc3 d5 5. cxd5 cxd5 6. Qb3 Nc6 7. d3 d4 8. Nd5 Nxd5 9. Bxd5 Bb4+ 10. Kf1 Qe7 11. Bg5 Qxg5 12. Bxc6+ bxc6 13. Qxb4 Qe7 14. Qxe7+ Kxe7 15. Nf3 Bh3+ 16. Ke1 Bg2 17. Rg1 Bxf3 18. exf3 Rhb8 19. Rb1 a5 20. Kd2 Rb6 21. Rgc1 Kd6 22. b3 c5 23. Rc4 a4 24. b4 cxb4 25. Rbxb4 Rxb4 26. Rxb4 a3 27. f4 f6 28. fxe5+ fxe5 29. Rb7 Rf8 30. Ke1 Rc8 31. Ra7 Rc2 32. Rxa3 g5 33.
h3 h5 34. Kf1 Kd5 35. Ra8 Rd2 36. Ra3 g4 37. hxg4 hxg4 38. Ra5+ Kd6 39. Ra6+ Kd5 40.
Ra3 e4 41. Ra5+ Kd6 42. dxe4 d3 43. Rd5+ Ke6 44. a3 Rd1+ 45. Kg2 Rd2 46. a4 Rd1 47. f4 gxf3+ 48. Kxf3 d2 49. a5 Rf1+ 50. Ke2 Rg1 51. a6 Rxg3 52. Ra5 Rd3 53. Kd1 Rd8 54. a7 Ra8 55. Kxd2 Kd6 56. Ke3 Ke6 57. Kd4 Kd6 58. Ra6+ Kc7 59. e5 Kb7 60. Ra2 Rd8+ 61. Ke4 Ka8 62. e6 Re8 63. Ke5 Rh8 64. Kd6 Rd8+ 65. Ke7 Rh8 66. Kf7 Rh7+ 67. Kg6 Re7 68. Kf6 Rh7 69.
Rg2 Kxa7 70. Rg7+ Rxg7 71. Kxg7 1-0

[Event "*** MasterClass Titled Tuesday Blitz"]
[Site "Chess.com"]
[Date "2017.10.03"]
[Round "7"]
[White "yosephtaher"]
[Black "gmcorrales"]
[Result "1-0"]
[WhiteElo "2593"]
[BlackElo "2641"]
[TimeControl "180+2"]
[EndTime "14:38:05 PDT"]
[Termination "yosephtaher won on time"]

1. d4 Nf6 2. c4 e6 3. Nf3 d5 4. Nc3 Be7 5. Bg5 O-O 6. e3 b6 7.
cxd5 Nxd5 8. Bxe7 Qxe7 9. Bd3 Bb7 10. Qc2 h6 11. Nxd5 Bxd5 12. e4 Bb7 13. O-O-O Nd7 14. Kb1 c5 15. d5 exd5 16. exd5 Qd6 17. Nd2 Rad8 18. Nc4 Qf6 19. Ne3 Ne5 20. Be4 Rfe8 21. g3 Nf3 22. Nf5 Nd4 23. Nxd4 cxd4 24. Rhe1 g6 25. Qd2 Bxd5 26. Bxd5 Qf5+ 27. Ka1 Qxd5 28. Qxh6 Rxe1 29. Rxe1 d3 30. Qd2 Rc8 31. a3 Kg7 32.
Rd1 Rc2 33. Qe3 d2 34. Kb1 Qc4 35. Qe5+ Kh7 36. Qf4 Qd3 37. Qxf7+ Kh6 38. Qf8+ Kh5 39. g4+ Kg5 40. Qe7+ Kh6 41. Qe3+ Qxe3 42. fxe3 Rc4 43. Rxd2 Rxg4 44. Kc2 Rh4 45. Kd3 Kg5 46. Rf2 a5 47. e4 Rh8 48. e5 Rc8 49. Ke4 Rc1 50. e6 Rd1 51. Ke5 Re1+ 52. Kd6 Rd1+ 53. Ke7 Kh6 54. Kf7 1-0

[Event "*** MasterClass Titled Tuesday Blitz"]
[Site "Chess.com"]
[Date "2017.10.03"]
[Round "7"]
[White "jefferyx"]
[Black "Tesla37"]
[Result "1-0"]
[WhiteElo "2767"]
[BlackElo "2665"]
[TimeControl "180+2"]
[EndTime "14:38:06 PDT"]
[Termination "jefferyx won on time"]

1. d4 Nf6 2. c4 e6 3. Nf3 d5 4.
g3 Bb4+ 5. Bd2 Be7 6. Bg2 O-O 7. O-O c6 8. Qc2 Nbd7 9. Rd1 b6 10. b3 Bb7 11.
Nc3 Rc8 12. e4 c5 13. exd5 exd5 14. Be3 dxc4 15. d5 Bd6 16. bxc4 Re8 17. Bh3 h6 18. Nb5 Bb8 19. a4 Ne5 20. Nxe5 Bxe5 21. Rab1 Ra8 22.
a5 Bc8 23. Bg2 Bg4 24. Re1 Qd7 25. Qd2 Bh3 26. Bf4 Bxf4 27. Qxf4 Bxg2 28. Kxg2 bxa5 29. Qd6 Qg4 30. Qxc5 Rxe1 31. Rxe1 Rc8 32. Nc7 a4 33. d6 a3 34. h3 Qd7 35. Qxa3 Qc6+ 36. Kg1 Qxc4 37. Qxa7 Qd3 38. Qc5 Ne4 39. Qd5 Qxd5 40. Nxd5 Nxd6 41. Ne7+ Kh7 42. Nxc8 Nxc8 43. Rd1 Kg6 44.
Rd7 f6 45. Kg2 h5 46. Kf3 Nb6 47. Rb7 Nc4 48. Kf4 Ne5 49. Ke4 Kh6 50. f4 Nc4 51. Kd5 Ne3+ 52. Ke6 Nf1 53. Rb3 Kg6 54. Rd3 Nh2 55. Ke7 Nf1 56. Kf8 Kh6 57. Kf7 Nh2 58.
Rd8 Kh7 59. Rg8 1-0

[Event "*** MasterClass Titled Tuesday Blitz"]
[Site "Chess.com"]
[Date "2017.10.03"]
[Round "7"]
[White "Gudmundur_Kjartansson"]
[Black "HanSchut"]
[Result "0-1"]
[WhiteElo "2231"]
[BlackElo "2237"]
[TimeControl "180+2"]
[EndTime "14:38:09 PDT"]
[Termination "HanSchut won by resignation"]

1. d4 Nf6 2. Nf3 g6 3. c4 Bg7 4.
Nc3 d5 5. e3 O-O 6. cxd5 Nxd5 7. Bc4 Nb6 8. Be2 c5 9. O-O cxd4 10. Nxd4 a6 11. Bf3 Qc7 12. a4 e5 13. Nb3 Rd8 14.
Qc2 Be6 15. a5 Nd5 16. Bxd5 Bxd5 17. e4 Bc4 18. Re1 Nc6 19. Be3 Nb4 20. Nd5 Rxd5 21. Qc3 Rd3 22. Qxb4 Rxb3 23. Qa4 Qc6 24. Qxc6 bxc6 25.
Rec1 Bb5 26. Rc2 Rd3 27. h3 Rad8 28. Kh2 h5 29. Rac1 R8d7 30. Rxc6 Bxc6 31. Rxc6 Rxe3 32. fxe3 Bh6 33. Rxa6 Bxe3 34. Ra8+ Kg7 35. Rb8 h4 36. g4 Rd2+ 37. Kh1 Bf4 38. a6 Rd1+ 39. Kg2 Ra1 40. Rb6 Be3 41. Rc6 Ra2 42. Kf3 Bd4 43. b4 Rb2 44. Rc4 Rb3+ 45. Ke2 Rxh3 46. b5 Ra3 47. Rc6 h3 48. Rc1 h2 49. Rh1 Ra2+ 50. Kd3 Kf6 51. Kc4 Kg5 52. Kd5 Kxg4 53. Kc6 Kg3 54. b6 Bxb6 55. Kxb6 Kg2 56. Rxh2+ Kxh2 57. a7 f5 58. exf5 gxf5 59. a8=Q Rxa8 0-1

[Event "*** MasterClass Titled Tuesday Blitz"]
[Site "Chess.com"]
[Date "2017.10.03"]
[Round "7"]
[White "Kirill_Klukin"]
[Black "chess2matters"]
[Result "0-1"]
[WhiteElo "2479"]
[BlackElo "2338"]
[TimeControl "180+2"]
[EndTime "14:38:26 PDT"]
[Termination "chess2matters won by resignation"]

1. c4 e5 2. Nc3 Bb4 3. g3 Nf6 4. Bg2 Bxc3 5. bxc3 O-O 6. e4 d6 7. Ne2 b6 8. O-O Bb7 9. d3 Nbd7 10. f4 Ne8 11. Be3 f5 12. fxe5 Nxe5 13. Nd4 Qd7 14.
Nxf5 Nf6 15. Qd2 Rae8 16. Rae1 Neg4 17. Bf4 Nh5 18. h3 Nxf4 19. Rxf4 Ne5 20. Ref1 Ng6 21. R4f2 Qa4 22. h4 Qd7 23. Qg5 Qd8 24. Qxd8 Rxd8 25. h5 Rxf5 26. Rxf5 Ne5 27. Rd1 g6 28. hxg6 hxg6 29. Rf4 Kg7 30. Bf1 a5 31. d4 Nf7 32. Bd3 Ng5 33. Re1 Nh3+ 34. Kg2 Nxf4+ 35. gxf4 Rh8 36. Kg3 Bc8 37. Bf1 Kf7 38. Bg2 Be6 39.
d5 Bd7 40. e5 Ke7 41. e6 Be8 42. Be4 Kf6 43. Rf1 b5 44. Rb1 bxc4 45. Rb7 Rh7 46. Rb8 Re7 47. Kg4 Ba4 48. Ra8 Bd1+ 49. Kg3 a4 50.
Rg8 Rg7 51. Rf8+ Ke7 52. Rc8 Kf6 53. a3 g5 54. Rf8+ Ke7 55. Rh8 gxf4+ 56. Kxf4 Kf6 57. Ke3 Ke5 58. Rh5+ Bxh5 0-1

[Event "*** MasterClass Titled Tuesday Blitz"]
[Site "Chess.com"]
[Date "2017.10.03"]
[Round "7"]
[White "ChessQueen"]
[Black "swayamsm"]
[Result "1-0"]
[WhiteElo "2594"]
[BlackElo "2484"]
[TimeControl "180+2"]
[EndTime "14:38:42 PDT"]
[Termination "ChessQueen won by resignation"]

1. e4 e5 2. Nf3 Nc6 3. Bc4 Nf6 4. d3 Be7 5. O-O O-O 6. Re1 d6 7. a4 Be6 8. Na3 Qd7 9. c3 Rae8 10. d4 exd4 11. cxd4 d5 12. exd5 Nxd5 13. Bb5 Bb4 14. Ne5 Qd8 15. Bxc6 bxc6 16. Nxc6 Qd6 17. Nxb4 Nxb4 18.
Nb5 Qb6 19. Bf4 Nd5 20. Bg3 a6 21. Nc3 Qxb2 22. Nxd5 Bxd5 23. Rxe8 Rxe8 24. Rb1 Qc3 25. h3 c6 26. Qe2 Be6 27. Qxa6 Qxd4 28. Qxc6 Bd7 29.
Qb7 Qxa4 30. Kh2 Bc6 31. Qb6 h5 32. Rc1 Bd5 33. h4 Qe4 34. f3 Qe2 35. Qf2 Qd3 36. Qf1 Re2 37. Rd1 Qc4 38. Rxd5 Rxg2+ 39. Kxg2 Qxd5 40.
Qe2 Qc6 41. Qe4 Qb5 42. Qe5 Qd3 43. Qe8+ Kh7 44. Qe4+ Qxe4 45. fxe4 f6 46. Kf3 Kg6 47. Kf4 Kf7 48. Be1 Ke6 49. Bc3 g6 50. Bb2 Kf7 51.
e5 g5+ 52. hxg5 fxe5+ 53. Kf5 h4 54. Bxe5 h3 55. Bf4 Kg7 56. g6 Kg8 57. Kf6 Kf8 58.
g7+ Kg8 59. Bh2 1-0

[Event "*** MasterClass Titled Tuesday Blitz"]
[Site "Chess.com"]
[Date "2017.10.03"]
[Round "7"]
[White "Gabrielian_Artur"]
[Black "Oleksandr_Bortnyk"]
[Result "0-1"]
[WhiteElo "2560"]
[BlackElo "2821"]
[TimeControl "180+2"]
[EndTime "14:38:53 PDT"]
[Termination "Oleksandr_Bortnyk won by resignation"]

1. e4 Nf6 2. e5 Nd5 3. d4 d6 4.
Nf3 dxe5 5. Nxe5 c6 6. Be2 Bf5 7. O-O Nd7 8. Nf3 e6 9. c4 N5f6 10. Nc3 Bd6 11. Nh4 Bg6 12. g3 O-O 13. Be3 Qc7 14. Nxg6 hxg6 15. Qc2 Rfe8 16. Rad1 Rad8 17. Bf3 e5 18. Bg2 exd4 19. Bxd4 Bc5 20. Bxc5 Nxc5 21. b4 Ne6 22. c5 Nd4 23. Qb2 Qe5 24. Rd2 Ng4 25. h3 Nf6 26. Rfd1 Rd7 27. Nd5 Rxd5 28. Bxd5 Ne2+ 29. Rxe2 Qxe2 30. Qxe2 Rxe2 31. Bb3 Re8 32. a4 Kf8 33. b5 g5 34. bxc6 bxc6 35. Rd6 Rc8 36.
Bc4 Rc7 37. f3 Nd7 38. a5 Nxc5 39. Kf2 Ke7 40. Rd2 f6 41. Re2+ Kd8 42. a6 Rd7 43. Rb2 Kc7 44. Ke3 Rd1 45. f4 Ra1 46. fxg5 fxg5 47.
Rf2 Nxa6 48. Rf7+ Kb6 49. Rxg7 Ra3+ 50. Kf2 Nc5 51. Re7 a5 52. h4 gxh4 53. gxh4 Rh3 54. Rh7 a4 55. h5 a3 56. h6 Rh4 57. Bg8 Ne4+ 58. Kg2 Nf6 59. Rg7 Nxg8 60. Rxg8 Rxh6 61. Ra8 Rf6 62. Rxa3 c5 63. Ra1 c4 64. Kg3 Kc5 65.
Kg4 c3 66. Kg5 Rf8 0-1

[Event "*** MasterClass Titled Tuesday Blitz"]
[Site "Chess.com"]
[Date "2017.10.03"]
[Round "7"]
[White "Indianlad"]
[Black "SCIM"]
[Result "0-1"]
[WhiteElo "2590"]
[BlackElo "2438"]
[TimeControl "180+2"]
[EndTime "14:38:54 PDT"]
[Termination "SCIM won by resignation"]

1. Nf3 c5 2. e4 e6 3. d4 cxd4 4. c3 Nf6 5. e5 Nd5 6. Bc4 d6 7. cxd4 Be7 8. O-O O-O 9. a3 b6 10. Bxd5 exd5 11. Nc3 Be6 12. Bf4 Nc6 13. Re1 dxe5 14.
Nxe5 Nxe5 15. Bxe5 Qd7 16. h3 Rac8 17. Re3 Bd6 18.
Qf3 Bxe5 19. Rxe5 f6 20. Re3 Bf7 21. Rae1 Rfe8 22. Rxe8+ Rxe8 23. Rxe8+ Qxe8 24. Nxd5 Qe1+ 25. Kh2 h6 26. Qe3 Qb1 27. Ne7+ Kf8 28. Nc6 Qxb2 29. Nxa7 Qc2 30. Nb5 Qc6 31. a4 Kg8 32. Qg3 Bc4 33.
Nd6 Be6 34. Nb5 Bc4 35. Qb8+ Kh7 36. Qd8 Bxb5 37. axb5 Qxb5 38. Qd6 Qb2 39. Kg3 b5 40. Qc5 b4 41. Qf5+ Kg8 42. Qd5+ Kh7 43. Qf5+ Kg8 44. Qc8+ Kh7 45. Qf5+ Kg8 46. Qd5+ Kh8 47. f3 Qc3 48. Qa8+ Kh7 49. Qe4+ Kh8 50. d5 b3 51.
d6 b2 52. Qe8+ Kh7 53. Qe4+ Kh8 54. Kg4 f5+ 55. Kxf5 Qf6+ 56. Kg4 Qxd6 57. Qc2 Qb6 58. Qc8+ Kh7 59. Qc2+ Qg6+ 0-1

[Event "*** MasterClass Titled Tuesday Blitz"]
[Site "Chess.com"]
[Date "2017.10.03"]
[Round "7"]
[White "Diwi89"]
[Black "Kacparov"]
[Result "1/2-1/2"]
[WhiteElo "2539"]
[BlackElo "2609"]
[TimeControl "180+2"]
[EndTime "14:39:06 PDT"]
[Termination "Game drawn by repetition"]

1. e4 c5 2. Nf3 e6 3. c3 d5 4. e5 d4 5. Bd3 Nc6 6. O-O Nge7 7. Re1 Nd5 8. Be4 Be7 9. c4 Nb6 10. Bxc6+ bxc6 11. d3 a5 12. Nbd2 a4 13. Ne4 h6 14.
Bf4 O-O 15. Qd2 Kh7 16. h3 Ra7 17. Nh2 Rh8 18. Ng4 Nd7 19. Bg3 Kg8 20. Qf4 Rb7 21. Re2 h5 22. Nh2 Nf8 23. Nf3 Ng6 24. Qd2 h4 25.
Bh2 Rh5 26. Nd6 Bxd6 27. exd6 f6 28. Qd1 Ra7 29. Nd2 e5 30. Ne4 Ra5 31. Re1 Rh8 32. Qd2 Bf5 33. f4 Bxe4 34. Rxe4 Rh5 35. Qe2 Rh6 36.
fxe5 fxe5 37. Qd2 Ra7 38. Bxe5 Nxe5 39. Rxe5 Qxd6 40. Rae1 Rf7 41. Qg5 Kh7 42. Rxc5 Qb8 43. Qd2 Qg3 44. Rg5 Qd6 45. Rg4 c5 46. Qg5 Qb6 47. Rxh4 Qxb2 48. Rxh6+ gxh6 49. Qh4 Qxa2 50. Qe4+ Kg7 51. Kh2 Qf2 52. Qe5+ Kh7 53. Ra1 Qf4+ 54. Qxf4 Rxf4 55. Rxa4 Rf2 56. Ra5 Rd2 57. Rxc5 Rxd3 58.
Rd5 Rd1 59. Kg3 d3 60. Kf3 d2 61. Ke3 Rc1 62. Rxd2 Rxc4 63. Rd6 Kg7 64. Kf3 Ra4 65. g4 Rb4 66. Kg3 Ra4 67. Kh4 Ra5 68. Rd3 Rb5 69.
Kg3 Rc5 70. Rd6 Rb5 71. Kf4 Rc5 72. Re6 Rb5 73. h4 Ra5 74. Re5 Ra4+ 75. Kf5 Ra7 76. Re6 Rf7+ 77. Ke5 Ra7 78. h5 Ra5+ 79. Kf4 Ra4+ 80.
Kf5 Ra5+ 81. Re5 Ra7 82. Rd5 Rb7 83. Ke6 Rb6+ 84. Ke5 Rb7 85. Rd6 Ra7 86. Ke6 Ra4 87. Rd7+ Kg8 88. Kf5 Ra5+ 89. Kf4 Rb5 90. Re7 Ra5 91.
Re5 Ra6 92. Kf5 Kf7 93. Rd5 Rf6+ 94. Ke5 Re6+ 95. Kf4 Ra6 96. Rd7+ Kg8 97. Kf5 Ra5+ 98.
Ke6 Ra4 99. Kf5 Ra5+ 1/2-1/2

[Event "*** MasterClass Titled Tuesday Blitz"]
[Site "Chess.com"]
[Date "2017.10.03"]
[Round "7"]
[White "BillieKimbah"]
[Black "Cruel_Yaro"]
[Result "0-1"]
[WhiteElo "2689"]
[BlackElo "2708"]
[TimeControl "180+2"]
[EndTime "14:39:08 PDT"]
[Termination "Cruel_Yaro won by checkmate"]

1. d4 a6 2. e4 c6 3. Nc3 d5 4. e5 Bf5 5. g4 Bd7 6. Be3 c5 7. dxc5 e6 8. f4 d4 9. Bxd4 Bc6 10. Nf3 Bxf3 11. Qxf3 Qxd4 12. Rd1 Qxc5 13. Qxb7 Qc6 14.
Bg2 Qxb7 15. Bxb7 Ra7 16. Bf3 Bb4 17. Ke2 Bxc3 18. bxc3 Ne7 19. Rd6 O-O 20. Rb1 Rc7 21. Rb3 g5 22. fxg5 Ng6 23. Rdb6 Rcc8 24. Bb7 Rcd8 25.
Be4 Nd7 26. Rc6 Ngxe5 27. Rc7 Nxg4 28. Rbb7 Nge5 29. c4 Rc8 30. Rxd7 Nxd7 31. Rxd7 Rxc4 32. Kf3 Ra4 33. h4 Rxa2 34. h5 Ra5 35. Kf4 Rc5 36. Bd3 a5 37. Ra7 Rd8 38. g6 fxg6 39. hxg6 Rf8+ 40.
Ke3 hxg6 41. Bxg6 Rg5 42. Bh7+ Kh8 43. Be4 Rh5 44. Ra6 Rf6 45. Ra7 Kg8 46. c4 Kf8 47. Kd4 Rf4 48. Ke3 Rfh4 49. Kd3 Rg5 50. Bf3 Rg3 51. Ke2 Rh2+ 52. Ke3 Rhh3 53. Kf4 Rxf3+ 54. Ke5 Rf7 55. Ra8+ Kg7 56. c5 Re3+ 57. Kd6 e5 58. c6 Rf6+ 59. Kd7 Rd3+ 60. Ke7 Rxc6 61. Rxa5 e4 62. Rg5+ Rg6 63. Re5 e3 64. Re4 Rg5 65. Ke8 Kf6 66. Kf8 Rd8+ 67. Re8 Rg8+ 68. Kxg8 Rxe8+ 69. Kh7 Rf8 70. Kh6 Rh8# 0-1

[Event "*** MasterClass Titled Tuesday Blitz"]
[Site "Chess.com"]
[Date "2017.10.03"]
[Round "7"]
[White "Bad4life"]
[Black "pandamaster3000"]
[Result "0-1"]
[WhiteElo "2190"]
[BlackElo "2192"]
[TimeControl "180+2"]
[EndTime "14:39:19 PDT"]
[Termination "pandamaster3000 won by resignation"]

1. e4 e6 2. d4 d5 3. Nd2 dxe4 4. Nxe4 Bd7 5. Nf3 Bc6 6. Bd3 Nd7 7. O-O Ngf6 8.
Ned2 Be7 9. b3 O-O 10. Bb2 Bxf3 11. Qxf3 c6 12. c4 Qc7 13. Rad1 Bd6 14. h4 e5 15. Bb1 exd4 16. Bxd4 Bh2+ 17. Kh1 Be5 18. Ne4 Bxd4 19. Rxd4 Nxe4 20. Qxe4 Nf6 21. Qf3 Rad8 22. Rf4 Qe5 23. Rf5 Qe6 24. h5 h6 25. Qc3 Ne4 26. Qe5 Qxe5 27. Rxe5 Nd2 28. Rd1 Nxb1 29. Rxb1 Rfe8 30. Rxe8+ Rxe8 31. a4 a5 32. Rd1 Re7 33. Rd8+ Kh7 34. Kh2 Re5 35. g4 b5 36. Rc8 bxc4 37.
bxc4 Rc5 38. Ra8 Rxc4 39. Rxa5 Rxg4 40. Kh3 Rc4 41. Ra7 c5 42. a5 Ra4 43. Kg3 c4 44.
Kf3 c3 45. Ke3 Rc4 46. Kd3 c2 47. Kxc4 c1=Q+ 48. Kb5 Qf1+ 49. Kc6 Qc4+ 50. Kb6 Qd4+ 51. Ka6 Qxf2 52. Rb7 Qc5 53. Rb5 Qc8+ 54. Kb6 Qb8+ 55. Kc6 Qa8+ 56. Kb6 g5 57. a6 Qb8+ 58. Ka5 Qc7+ 59.
Kb4 Qd6+ 60. Ka5 Qa3+ 61. Kb6 Qd6+ 62. Ka5 Qc7+ 63. Kb4 g4 64. Rb7 Qd6+ 65. Ka5 Qc5+ 66. Ka4 Kg7 67. a7 Qc6+ 68. Rb5 g3 69. Ka5 g2 70. Rb6 Qa8 71. Ka6 g1=Q 72. Rb8 Qaxa7+ 0-1

[Event "*** MasterClass Titled Tuesday Blitz"]
[Site "Chess.com"]
[Date "2017.10.03"]
[Round "7"]
[White "OparinGrigoriy"]
[Black "sergiochess83"]
[Result "0-1"]
[WhiteElo "2661"]
[BlackElo "2729"]
[TimeControl "180+2"]
[EndTime "14:39:58 PDT"]
[Termination "sergiochess83 won by resignation"]

1. e4 c6 2. d4 d5 3. e5 Bf5 4.
Nd2 e6 5. Nb3 Ne7 6. Nf3 h6 7.
Be2 Nd7 8. O-O Bg6 9. Bd2 Nc8 10.
a4 a5 11. Ne1 Be7 12. Nd3 O-O 13. Nf4 Bh7 14. Nh5 c5 15. c3 Na7 16. Be3 Nc6 17.
Bb5 cxd4 18. cxd4 Nb6 19. Qg4 Bg6 20. Bd3 Bxh5 21. Qxh5 Nb4 22. Bb1 Qe8 23. Bxh6 f5 24. Qxe8 Rfxe8 25. Bd2 Nc4 26. Bc3 Rec8 27. Rd1 Kf7 28.
g3 g5 29. h3 Rh8 30. Kg2 Rh6 31. Nd2 Rah8 32. Rh1 Nxd2 33. Bxd2 Nc6 34. Bc3 Bd8 35. Bc2 Bb6 36. Rad1 Ke7 37. Rd2 Ba7 38. Bd1 Bb6 39.
Be2 Ba7 40. Bb5 Bb6 41. Rdd1 Na7 42. Be2 Nc6 43. g4 fxg4 44. Bxg4 Rf8 45. Rd3 Rf4 46. Bd2 Bxd4 47. Bxf4 gxf4 48. Rb3 b6 49. Rd1 Bc5 50. Rf3 Nxe5 51. Rxf4 Ng6 52. Rfd4 Bxd4 53. Rxd4 e5 54. Rd1 Nf4+ 55. Kg3 d4 56. h4 Kd6 57. Bf5 Kd5 58. f3 Rh8 59. Be4+ Kd6 60. Kg4 Ke6 61. Kg3 Rg8+ 62. Kh2 Rg2+ 63. Kh1 Rxb2 64. Rc1 d3 65. Rd1 Nh3 66. Rxd3 Nf2+ 67. Kg1 Nxd3 68. Bxd3 Rb4 69.
h5 Rxa4 70. Kg2 Rh4 71. Bg6 a4 72. Kg3 Rh1 73. Kg2 a3 74. Kxh1 a2 75. h6 a1=Q+ 76.
Kg2 Qc1 77. h7 Qh6 78. Kf2 Kf6 79. Be4 Kg7 80. Ke2 Qc1 81. Kd3 b5 82. Bd5 Kxh7 83. Ke4 Qc3 0-1

[Event "*** MasterClass Titled Tuesday Blitz"]
[Site "Chess.com"]
[Date "2017.10.03"]
[Round "7"]
[White "plouarzel"]
[Black "Bengalas"]
[Result "1/2-1/2"]
[WhiteElo "2476"]
[BlackElo "2525"]
[TimeControl "180+2"]
[EndTime "14:40:02 PDT"]
[Termination "Game drawn by stalemate"]

1. e4 c5 2. Nf3 d6 3. Bb5+ Bd7 4. Bxd7+ Qxd7 5. c4 Nc6 6. d4 cxd4 7. Nxd4 g6 8. b3 Bg7 9. Bb2 Nf6 10. Nc3 O-O 11.
O-O a6 12. Nxc6 bxc6 13. Qe2 Qe6 14. Rfe1 g5 15. Rad1 Nd7 16. Na4 Bxb2 17. Nxb2 Ne5 18. Nd3 Nxd3 19. Qxd3 f6 20. Qc3 c5 21. Qg3 Kh8 22.
Qe3 a5 23. a4 Rab8 24. Rd3 Rb4 25. g3 Rg8 26. Kg2 Rg6 27. h3 Rb8 28. Qf3 Rbg8 29.
Qf5 Qc8 30. Qxc8 Rxc8 31. Kf3 Kg7 32. Kg4 h5+ 33. Kf3 Kf7 34. Rh1 Ke6 35. h4 Rb8 36. hxg5 Rxg5 37. Kf4 Re5 38. f3 Rg8 39. Rd5 Rb8 40. Rd3 Rg5 41. Rh3 Rbg8 42. Rd5 Re5 43. Rxh5 Rb8 44. g4 Rxb3 45. g5 fxg5+ 46. Kg4 Rb4 47.
Rh6+ Kd7 48. Rxe5 dxe5 49. Kxg5 Rxc4 50. Kf5 Rc3 51. Kxe5 Rxf3 52. Ra6 c4 53. Rxa5 c3 54. Kd4 e6 55. Rc5 Kd6 56. Rxc3 e5+ 57. Kc4 Rf4 58. Rd3+ Kc6 59. Re3 Rf8 60. Rc3 Rf4 61. Re3 Rf8 62. Rh3 Kb6 63. Kb4 Rf4 64. Re3 Rg4 65. Kc4 Kc6 66.
a5 Rg1 67. Rh3 Rc1+ 68. Kb4 Rb1+ 69. Kc4 Rc1+ 70. Rc3 Re1 71. Kd3+ Kb5 72. Rb3+ Kxa5 73. Rb8 Ka6 74. Re8 Kb6 75. Rxe5 Kc6 76. Rd5 Rd1+ 77. Kc4 Rxd5 78. exd5+ Kd6 79. Kd4 Kd7 80. Ke5 Ke7 81. d6+ Kd7 82. Kd5 Kd8 83. Ke5 Kd7 84.
Kd5 Kd8 85. Kc6 Kc8 86. d7+ Kd8 87. Kd6 1/2-1/2

[Event "*** MasterClass Titled Tuesday Blitz"]
[Site "Chess.com"]
[Date "2017.10.03"]
[Round "7"]
[White "VojtechPlat"]
[Black "SantoBlue"]
[Result "0-1"]
[WhiteElo "2670"]
[BlackElo "2573"]
[TimeControl "180+2"]
[EndTime "14:40:04 PDT"]
[Termination "SantoBlue won by resignation"]

1. d4 Nf6 2. c4 g6 3. g3 Bg7 4. Bg2 O-O 5. Nc3 c5 6. Nf3 cxd4 7. Nxd4 Nc6 8. O-O Nxd4 9. Qxd4 d6 10. Qd3 Nd7 11. e4 Ne5 12. Qe2 a6 13. h3 Be6 14.
Nd5 Rc8 15. Bg5 Bxd5 16. cxd5 h6 17. Bf4 Nc4 18. Rab1 Qa5 19. b3 Na3 20. Rbc1 Nb5 21. a4 Nd4 22. Qd3 Qb4 23. Rc4 Rxc4 24. bxc4 Rc8 25.
Rb1 Qxc4 26. Qxc4 Rxc4 27. Rxb7 Ne2+ 28. Kh2 Nxf4 29. gxf4 Bf6 30. a5 Ra4 31. Bf1 Rxa5 32. Ra7 Ra4 33. e5 dxe5 34. fxe5 Bxe5+ 35. Kg2 Bd6 36. Rxa6 Rd4 37. Ra5 Kg7 38. Be2 Kf6 39. Bf3 Ke5 40.
Ra2 h5 41. Re2+ Kf4 42. Re3 f5 43.
Re6 Kg5 44. Re2 h4 45. Re6 Bc5 46. Kf1 Kf4 47. Kg2 g5 48. Rg6 Bd6 49. Re6 Rd2 50. Re2 Rd3 51. Bh5 Rxd5 52. Bg6 e5 53. Rc2 e4 54.
Bf7 Ra5 55. Be6 Bc5 56. Rd2 Ba7 57. Rd7 Ke5 58. Bc4 f4 59. Re7+ Kd4 60. Bf1 f3+ 61. Kg1 Bc5 62. Rg7 Bb6 63. Rd7+ Ke5 64. Rb7 Bc5 65. Rf7 Ra2 66. Bc4 Rxf2 67. Rc7 Rg2+ 68. Kh1 Bd4 69. Bd5 Rg1+ 70. Kh2 Rg2+ 71. Kh1 Rg3 72. Kh2 Kxd5 73. Rd7+ Ke5 74. Re7+ Kf5 75. Rf7+ Kg6 76. Rd7 f2 77. Rxd4 e3 78. Rd6+ Kh5 79.
Rd8 e2 80. Rf8 Rxh3+ 81. Kg2 f1=Q+ 0-1